 Dungeon Crawl Stone Soup version 0.29-a0-575-g0dc89cf (webtiles) character file.

Game seed: 501381676540403839

216 BingusPrime the Ruffian (level 5, -3/49 HPs)
             Began as a Troll Warper on June 12, 2022.
             Slain by an iguana (5 damage)
             ... on level 4 of the Dungeon.
             The game lasted 00:05:35 (2816 turns).

BingusPrime the Ruffian (Troll Warper)              Turns: 2816, Time: 00:05:36

Health: -3/49      AC:  4    Str: 21    XL:     5   Next: 61%
Magic:  7/7        EV: 10    Int:  9    God:
Gold:   170        SH:  0    Dex:  9    Spells: 6/8 levels left

rFire   . . .      SeeInvis .     - Unarmed
rCold   . . .      Faith    .   (no shield)
rNeg    . . .      Spirit   .   a - +0 robe
rPois   .          Reflect  .   (helmet restricted)
rElec   .          Harm     .   (no cloak)
rCorr   .          Rampage  .   (gloves unavailable)
Will    .....                   (boots unavailable)
Stlth   +.........              (no amulet)
HPRegen 0.96/turn               (no ring)
MPRegen 0.10/turn               (no ring)

@: attractive, on blink cooldown, very slightly contaminated
A: large, unfitting armour, claws 3, regeneration 1, shaggy fur 1, tough skin 1
a: no special abilities


You were on level 4 of the Dungeon.
You visited 1 branch of the dungeon, and saw 4 of its levels.

You collected 170 gold pieces.

Inventory:

Hand Weapons
 f - a +0 hand crossbow
Missiles
 c - 7 boomerangs of dispersal (quivered)
Armour
 a - a +0 robe (worn)
Scrolls
 b - 3 scrolls of blinking
 g - a scroll of enchant weapon {unknown}
 h - a scroll of silence {unknown}
 k - a scroll of magic mapping {unknown}
 m - a scroll of poison {unknown}
 o - a scroll of fear {unknown}
 p - a scroll of identify {unknown}
 q - a scroll of teleportation {unknown}
Potions
 d - a potion of attraction
 j - a potion of might {unknown}
 l - a potion of berserk rage {unknown}
 n - a potion of lignification {unknown}


   Skills:
 + Level 2.2 Fighting
 + Level 1.8 Throwing
 + Level 2.4 Dodging
 * Level 3.4 Unarmed Combat
 * Level 2.2 Spellcasting
 + Level 2.5 Translocations


You had 6 spell levels left.
You knew the following spells:

 Your Spells              Type           Power      Damage    Failure   Level
a - Blink                 Tloc           10%        N/A       17%         2

Your spell library contained the following spells:

 Spells                   Type           Power      Damage    Failure   Level
 Foxfire                  Conj/Fire      4%         2x1d4     32%         1
 Gell's Gravitas          Tloc           5%         N/A       34%         3
 Lesser Beckoning         Tloc           5%         N/A       34%         3
 Teleport Other           Tloc           5%         N/A       34%         3
 Ensorcelled Hibernation  Hex/Ice        2%         N/A       45%         2
 Conjure Flame            Conj/Fire      1%         6-21      69%         3
 Inner Flame              Hex/Fire       1%         N/A       69%         3
 Spider Form              Tmut/Pois      1%         N/A       69%         3
 Anguish                  Hex/Necr       0%         N/A       97%         4
 Flame Wave               Conj/Fire      1%         2d4       97%         4
 Manifold Assault         Tloc           5%         N/A       97%         5


Dungeon Overview and Level Annotations

Branches:
Dungeon (4/15)
 Temple: D:4-7

Altars:
Yredelemnul


Innate Abilities, Weirdness & Mutations

You are too large for most types of armour.
You have claws for hands.
Your natural rate of healing is unusually fast.
You are covered in fur. (AC +1)
You have tough skin. (AC +1)


Message History

You are more poisoned.
The iguana misses you.
You barely miss the iguana.
The iguana is heavily wounded.
You feel very sick.
The goblin hits you with a +2 dagger of venom.
You are lethally poisoned!
The iguana barely misses you.
You are too injured to fight recklessly!
You are too injured to fight recklessly!
Unknown command.
Casting: Blink (safe; 17% risk of failure)
Confirm with . or Enter, or press ? or * to list all spells.
You miscast Blink.
You are very lightly contaminated with residual magic.
Nothing appears to happen.
* * * LOW HITPOINT WARNING * * *
You feel very sick. The goblin barely misses you. The iguana bites you.
* * * LOW HITPOINT WARNING * * *
Casting: Blink (safe; 17% risk of failure)
Confirm with . or Enter, or press ? or * to list all spells.
You blink.
Found 2 scrolls labelled VUTOMAKEGI.
* * * LOW HITPOINT WARNING * * *
You feel very sick.
It was a potion of attraction.
You feel attractive to monsters.
* * * LOW HITPOINT WARNING * * *
You feel very sick. The iguana bites you.
* * * LOW HITPOINT WARNING * * *
It was a potion of curing.
You feel better. The iguana misses you. The goblin is attracted toward you.
You claw the goblin!
You kill the goblin!
The iguana bites you!
* * * LOW HITPOINT WARNING * * *
It was a potion of magic.
Magic courses through your body. The iguana bites you.
You die...

#)# #.# ######## #.#
.≈≈8≈≈. # #.# ..≈≈≈.
.# #.# ###.... ...
#.# #..... ....
####.# #....#.....
..... +.........?
.... #.)@.# #..
#§l..# #..##..?.###
#...........
##..#####............
##.# #(...........
#.## #............
#..# #............
##.## #............


You could see an iguana.

Vanquished Creatures
  A jelly (D:4)
  Natasha (twice) (D:3)
  6 adders
  A worm (D:3)
  2 dart slugs
  3 orcs
  2 ball pythons
  8 endoplasms
  2 giant cockroaches
  5 goblins
  8 hobgoblins
  4 jackals (D:2)
  6 kobolds
  4 quokkas
  6 bats
  6 frilled lizards
  9 rats
  A spectral orc (D:3)
76 creatures vanquished.

Notes
Turn   | Place    | Note
-------+----------+-------------------------------------------
     0 | D:1      | BingusPrime the Troll Warper began the quest for the Orb.
     0 | D:1      | Reached XP level 1. HP: 19/19 MP: 1/1
    91 | D:1      | Reached skill level 1 in Throwing
   100 | D:1      | Reached XP level 2. HP: 23/28 MP: 3/3
   108 | D:1      | Learned a level 2 spell: Blink
   553 | D:1      | Found a faded altar of an unknown god.
   557 | D:1      | Reached XP level 3. HP: 35/35 MP: 4/4
  1129 | D:2      | Reached XP level 4. HP: 42/42 MP: 5/5
  1822 | D:3      | Noticed Natasha
  1830 | D:3      | Killed Natasha
  1831 | D:3      | Reached skill level 3 in Unarmed Combat
  2151 | D:3      | Noticed Natasha
  2160 | D:3      | Killed Natasha
  2161 | D:3      | Reached XP level 5. HP: 49/49 MP: 5/7
  2632 | D:3      | Found a basalt altar of Yredelemnul.
  2813 | D:4      | HP: 2/49 [iguana (4)]
  2816 | D:4      | Slain by an iguana

Illustrated notes

Levels and vault maps discovered:
D:1:      dpeg_arrival_shrine, layout_basic, chequers_ecumenical_altar_island,
          chequers_serial_rivers_micro_b
D:2:      layout_basic, feat_on_display
D:3:      layout_basic, yredelemnul_forgotten_temple_becter,
          grunt_ministairs_10, st_stairs_5, minmay_misc_feat_plants,
          uniq_natasha
D:4:      layout_basic, kennysheep_nub, moated_statue,
          chequers_serial_rivers_small_a

Skill      XL: |  1  2  3  4 |
---------------+-------------+-----
Throwing       | 1 |  1.8
Dodging        | 2 |  2.4
Fighting       | 2 |  2.2
Unarmed Combat | 3 |  3.4
Spellcasting   | 2 |  2.2
Translocations | |  2.5

Action                   |  1- 3 |  4- 6 || total
-------------------------+-------+-------++-------
Melee: Unarmed           |   105 |   137 ||   242
       Punch             |     1 |     1 ||     2
 Cast: Blink             |       |     2 ||     2
  Use: Potion            |       |     3 ||     3
Armor: Robe              |    27 |    54 ||    81
Dodge: Dodged            |    41 |    89 ||   130

Table legend: (Time is in decaauts)
 A = Elapsed time spent in this place.
 B = Non-inter-level travel time spent in this place.
 C = Inter-level travel time spent in this place.
 D = Time resting spent in this place.
 E = Time spent auto-exploring this place.
 F = Levels seen in this place.
 G = Mean time per level.
                   A        B        C        D        E       F      G
               +--------+--------+--------+--------+--------+-----+--------+
         Total |   2811 |   2621 |    190 |     27 |   2119 |   4 |  702.8 |
       Dungeon |   2811 |   2621 |    190 |     27 |   2119 |   4 |  702.8 |
               +--------+--------+--------+--------+--------+-----+--------+

Top non-repeatable levels by time:
     D:1: 983 daAuts
     D:3: 891 daAuts
     D:2: 830 daAuts
     D:4: 106 daAuts
